 Dungeon Crawl Stone Soup version 0.30.0-3-ga4e48a9924 (webtiles) character file.

Game seed: 15093393345772471655

3 browni3141 the Vexing (level 1, -2/17 HPs)
             Began as a Meteoran Hexslinger on May 8, 2023.
             Slain by a hobgoblin (5 damage)
             ... on level 1 of the Dungeon.
             The game lasted 00:00:31 (90 turns).

browni3141 the Vexing (Meteoran Hexslinger)           Turns: 90, Time: 00:00:32

Health: -2/17      AC:  2    Str: 11    XL:     1   Next: 71%
Magic:  3/3        EV: 12    Int: 14    God:
Gold:   38         SH:  0    Dex: 14    Spells: 1/2 levels left

rFire   . . .        a - +1 sling
rCold   . . .        (no shield)
rNeg    . . .        c - +0 robe
rPois   .            (no helmet)
rElec   .            (no cloak)
rCorr   .            (no gloves)
SInv    .            (no boots)
Will    .....        (no amulet)
Stlth   +            (no ring)
HPRegen 0.22/turn    (no ring)
MPRegen 0.08/turn

%: no passive effects
@: glowing
A: sense surroundings 1, otherworldly, glowing, explore regen
a: no special abilities


You were on level 1 of the Dungeon.
You visited 1 branch of the dungeon, and saw 1 of its levels.

You collected 38 gold pieces.

Inventory:

Hand Weapons
 a - a +1 sling (weapon)
Missiles
 Z - a throwing net
Armour
 c - a +0 robe (worn)
 d - a +0 helmet
Scrolls
 b - a scroll of poison
Potions
 e - a potion of mutation {unknown}


   Skills:
 + Level 1.7 Fighting
 - Level 2.1 Ranged Weapons
 - Level 2.4 Dodging
 - Level 1.3 Spellcasting
 - Level 3.6 Hexes


You had one spell level left.
You knew the following spells:

 Your Spells              Type           Power      Damage    Failure   Level
S - Slow                  Hex            44%        N/A       6%          1

Your spell library contained the following spells:

 Spells                   Type           Power      Damage    Failure   Level
 Inner Flame              Hex/Fire       6%         N/A       36%         3
 Portal Projectile        Hex/Tloc       12%        N/A       36%         3
 Cause Fear               Hex            5%         N/A       50%         4


Dungeon Overview and Level Annotations

Branches:
Dungeon (1/15) Zot: 505

Altars:


Innate Abilities, Weirdness & Mutations

You passively map a small area around you.
You are easily found by Zot.
You glow in the dark.
You regain HP and MP as you explore.


Message History

Welcome, browni3141 the Meteoran Hexslinger.
Are you destined to find the splendid Orb of Zot, or to die trying?
Press ? for a list of commands and other information.
Found 8 gold pieces, 5 stones and a helmet.
Found a staircase leading out of the dungeon.
Setting a skill training target for Polearms at 14.0.
Setting a skill training target for Armour at 7.0.
Setting a skill training target for Shields at 5.0.
Setting a skill training target for Stealth at 2.0.
Setting a skill training target for Spellcasting at 3.0.
Setting a skill training target for Conjurations at 7.0.
Setting a skill training target for Summonings at 16.0.
Setting a skill training target for Necromancy at 10.0.
Setting a skill training target for Fire Magic at 6.0.
Setting a skill training target for Earth Magic at 10.0.
Setting a skill training target for Invocations at 14.0.
Setting a skill training target for Evocations at 10.0.
Setting a skill training target for Throwing at 2.0.
You now have 8 gold pieces.
d - a +0 helmet You now have 16 gold pieces (gained 8).
There are no items here.
Autopickup is now off.
You see here 7 gold pieces.
You now have 23 gold pieces (gained 7).
You see here 5 gold pieces.
You now have 28 gold pieces (gained 5).
You see here a fuming emerald potion.
e - a fuming emerald potion You see here 10 gold pieces.
You now have 38 gold pieces (gained 10).
A rat comes into view.
You shoot a sling bullet. The sling bullet barely misses the rat.
You shoot a sling bullet. The sling bullet hits the rat!
You kill the rat!
A goblin comes into view. It is wielding a +0 dagger.
You shoot a sling bullet. The sling bullet hits the goblin.
The goblin is severely wounded.
You shoot a sling bullet. The sling bullet hits the goblin.
You kill the goblin!
Things that are here:
a +0 dagger; a goblin corpse A kobold comes into view.
It is wielding a +0 dagger of speed.
You shoot a sling bullet.
The sling bullet closely misses the kobold.
You shoot a sling bullet.
The sling bullet closely misses the kobold.
You shoot a sling bullet.
The sling bullet barely misses the kobold.
You shoot a sling bullet. The sling bullet hits the kobold.
The kobold is moderately wounded.
You shoot a sling bullet. The sling bullet hits the kobold.
You kill the kobold!
Things that are here:
a +0 dagger of speed; 5 stones You see here a throwing net.
Z - a throwing net A jackal comes into view.
A hobgoblin comes into view.
The hobgoblin shouts!
A jackal comes into view.
The jackal barks!
A jackal comes into view.
You shoot a sling bullet.
The sling bullet closely misses the jackal.
The jackal barks!
The jackal closely misses you. The jackal bites you.
A goblin comes into view. It is wielding a +0 dagger.
You shoot a sling bullet. The sling bullet hits the jackal.
The jackal is severely wounded.
The jackal bites you but does no damage.
An endoplasm comes into view.
You shoot a sling bullet. The endoplasm quivers.
The sling bullet hits the jackal.
The jackal is almost dead.
The jackal barely misses you. The hobgoblin hits you.
The jackal bites you but does no damage.
You shoot a sling bullet.
The sling bullet closely misses the jackal.
The jackal bites you but does no damage.
The hobgoblin hits you but does no damage.
The jackal bites you.
You shoot a sling bullet.
The sling bullet closely misses the jackal.
The hobgoblin closely misses you. The jackal barely misses you.
The hobgoblin hits you. The jackal closely misses you.
The jackal bites you but does no damage.
The hobgoblin attacks as you move away! The hobgoblin hits you.
* * * LOW HITPOINT WARNING * * *
The jackal barely misses you. The hobgoblin attacks as you move away!
The hobgoblin hits you.
You die...

#.# * #,#.# , * #.#.#
######## , ###.#.#
###......# ,...... ,
,........+ ,,
###.#.#.#######......#
,
)...........)........#
, ,
##.#.#.######)......#
*# #.#.# ##.@....# * *
* #.#.#.# #.hg...#
#.#.#.### #..J...#
#.......# #....g.#
#.......# ####.h.#
#.......# * ###.#
#.......# .h.
*#.......# ,....# ,
#.......# .....#


You could see an endoplasm, 3 jackals, a hobgoblin and a goblin.

Vanquished Creatures
  A goblin (D:1)
  A kobold (D:1)
  A rat (D:1)
3 creatures vanquished.

Notes
Turn   | Place    | Note
-------+----------+-------------------------------------------
     0 | D:1      | browni3141 the Meteoran Hexslinger began the quest for the
                  | Orb.
     0 | D:1      | Reached XP level 1. HP: 16/16 MP: 3/3
    90 | D:1      | Slain by a hobgoblin

Illustrated notes

Levels and vault maps discovered:
D:1:      nicolae_arrival_washed_ashore, layout_basic, serial_shops, shop,
          minmay_misc_feat_roman

Action                     || total
---------------------------++-------
   Fire: Sling             ||    14
 Armour: Robe              ||     5
  Dodge: Dodged            ||     6
